 Dungeon Crawl Stone Soup version 0.30-b1-2-g02819fbbbe (webtiles) character file.

Game seed: 15127193168762884624

2487 MajorAdolf the Covert (level 9, -8/67 (73) HPs)
             Began as a Naga Wanderer on Sept 2, 2023.
             Was an Initiate of Gozag.
             Mangled by a wight
             ... wielding a +0 great sword
              (16 damage)
             ... on level 7 of the Dungeon.
             The game lasted 00:21:58 (9568 turns).

MajorAdolf the Covert (Naga Wanderer)               Turns: 9568, Time: 00:21:59

HP:   -8/67 (73)    AC:  6    Str: 18    XL:     9   Next: 52%
MP:   9/9           EV:  9    Int: 14    God:    Gozag
Gold: 400           SH:  5    Dex: 13    Spells: 5/8 levels left

rFire   . . .        w - +2 flail (protect)
rCold   . . .        (no shield)
rNeg    . . .        z - +0 robe
rPois   +            (no helmet)
rElec   .            (no cloak)
rCorr   .            q - +1 pair of gloves {Str+3}
SInv    +            (no barding)
Will    +....        g - amulet of reflection
Stlth   +++++        (no ring)
HPRegen 0.31/turn    (no ring)
MPRegen 0.11/turn

%: reflection
@: drained, very slow
A: AC +3, large, see invisible, deformed body, poison resistance, slowness 2,
spit poison 1, naga tail 1
a: Spit Poison, Renounce Religion, Potion Petition, Call Merchant, Bribe Branch


You were on level 7 of the Dungeon.
You worshipped Gozag.
Gozag was aware of your devotion.
You visited 2 branches of the dungeon, and saw 8 of its levels.
You also visited: Sewer.

You collected 477 gold pieces.
You paid 77 gold pieces to Gozag.

Inventory:

Hand Weapons
 p - a +2 dagger of draining
 w - a +2 flail of protection (weapon)
 B - a +4 rapier of venom
Missiles
 d - 13 poisoned darts
Armour
 q - a +1 pair of gloves of strength (worn)
 u - a +1 scale mail of cold resistance
 z - a +0 robe (worn)
 C - a +2 leather armour of poison resistance
Jewellery
 g - an amulet of reflection (around neck)
Wands
 c - a wand of iceblast (4)
 f - a wand of quicksilver (1)
 j - a wand of flame (5)
Scrolls
 b - a scroll of fog
 e - a scroll of torment {unknown}
 i - 5 scrolls of teleportation
 k - 3 scrolls of immolation
 l - 2 scrolls of magic mapping
 m - 3 scrolls of identify
 t - a scroll of silence
 y - a scroll of enchant weapon {unknown}
 A - a scroll of poison {unknown}
Potions
 a - a potion of cancellation
 h - 2 potions of flight
 n - a potion of might {unknown}
 o - 3 potions of mutation
 r - a potion of magic {unknown}
 s - 4 potions of haste
 v - 2 potions of curing {unknown}
 x - a potion of ambrosia {unknown}


   Skills:
 - Level 2.0 Fighting
 + Level 13.6 Stealth
 - Level 2.0 Unarmed Combat
 + Level 0.2 Transmutations
 + Level 0.2 Fire Magic
 + Level 0.3 Poison Magic
 + Level 10.2 Evocations


You had 5 spell levels left.
You knew the following spells:

 Your Spells              Type           Power      Damage    Failure   Level
a - Ignite Poison         Fire/Tmut/Pois 0%         N/A       61%         3

Your spell library contained the following spells:

 Spells                   Type           Power      Damage    Failure   Level
 Foxfire                  Conj/Fire      0%         2x1d4     28%         1
 Slow                     Hex            0%         N/A       28%         1
 Cigotuvi's Dreadful Rot  Necr/Pois/Air  0%         N/A       38%         2
 Confusing Touch          Hex            0%         N/A       65%         3
 Hailstorm                Conj/Ice       0%         3d3       65%         3
 Portal Projectile        Hex/Tloc       0%         N/A       65%         3
 Tukima's Dance           Hex            0%         N/A       65%         3
 Vampiric Draining        Necr           0%         2d6       65%         3
 Ice Form                 Ice/Tmut       0%         N/A       95%         4
 Anguish                  Hex/Necr       0%         N/A       96%         4
 Cause Fear               Hex            0%         N/A       96%         4
 Blade Hands              Tmut           0%         N/A       100%        5
 Fireball                 Conj/Fire      0%         3d3       100%        5
 Freezing Cloud           Conj/Ice/Air   0%         6-21      100%        5
 Plasma Beam              Fire/Air       0%         2x1d11    100%        6
 Starburst                Conj/Fire      0%         6d3       100%        6
 Enfeeble                 Hex            0%         N/A       100%        7
 Simulacrum               Ice/Necr       Unusable   N/A       N/A         6

Dungeon Overview and Level Annotations

Branches:
Dungeon (7/15)             Temple (1/1) D:5           Sewer (visited)

Altars:
Ashenzari
Cheibriados
Dithmenos
Elyvilon
Fedhas
Gozag
Hepliaklqana
Kikubaaqudgha
Makhleb
Nemelex Xobeh
Okawaru
Qazlal
Ru
Sif Muna
Trog
Uskayaw
Wu Jian
Xom
Yredelemnul
Zin
The Shining One

Shops:
D:2 *


Innate Abilities, Weirdness & Mutations

Your serpentine skin is tough. (AC +3)
You have supernaturally acute eyesight. (SInv)
Armour fits poorly on your strangely shaped body.
Your system is resistant to poisons. (rPois)
You cover ground very slowly.
You can spit poison.
You have a snake-like lower body.


Message History

Done waiting.
A wight comes into view. It is wielding a +0 great sword.
Things that are here:
6 gold pieces; a +1 flail; a +0 robe
Okay, then.
Press: ? - help, v - describe, . - travel
Here: a wight, wielding a +0 great sword and wearing a +0 robe (dormant)
The floor.
There is a stone staircase leading up, spattered with blood here.
Okay, then.
You closely miss the wight.
The wight hits you with a +0 great sword!
You block the wight's attack.
You closely miss the wight. The wight completely misses you.
You closely miss the wight. The wight completely misses you.
The wight hits you with a +0 great sword!
You thump the wight!
Your weapon exudes an aura of protection.
The wight is severely damaged.
The wight closely misses you.
You barely miss the wight.
The wight is severely damaged.
The wight hits you with a +0 great sword.
You feel drained.
You closely miss the wight.
The wight is severely damaged.
The wight hits you with a +0 great sword!
You feel drained.
The wight hits you with a +0 great sword!
* * * LOW HITPOINT WARNING * * *
You feel drained.
* * * LOW HITPOINT WARNING * * *
Aiming: Iceblast
Press: ? - help, Shift-Dir - straight line The mass of ice explodes!
The iceblast engulfs the wight.
The wight partially resists.
The wight is almost destroyed.
The wight hits you with a +0 great sword!
You die...
Your body crumbles into a pile of gold.

### ..# #
##.## ..
...# .#.#
#..#
.....##..###
#(#.......#
#.....z.#
#######@#
#.# ..# ####


You could see a wight.

Vanquished Creatures
  Grinder (D:6)
  Eustachio (D:6)
  Duvessa (D:6)
  4 ice beasts
  A phantom (D:5)
  An ogre (D:5)
  5 scorpions
  4 necrophages (D:4)
  A wight (D:7)
  Dowan (D:6)
  A howler monkey (D:5)
  2 jellies (Sewer)
  3 hounds
  2 sleepcaps (D:4)
  Ijyb (D:4)
  3 iguanas
  3 orc wizards
  15 gnolls
  14 adders
  2 river rats
  A white imp (D:5)
  An ufetubus (D:5)
  2 adder zombies (D:4)
  2 worms
  A dart slug (D:2)
  15 orcs
  5 bats
  20 endoplasms
  8 giant cockroaches
  9 goblins
  7 hobgoblins
  6 jackals (D:1)
  5 quokkas
  12 ball pythons
  10 frilled lizards
  9 kobolds
  11 rats
190 creatures vanquished.

Vanquished Creatures (others)
  A bush (D:4)
  12 plants (D:4)
13 creatures vanquished.

Grand Total: 203 creatures vanquished

Notes
Turn   | Place    | Note
-------+----------+-------------------------------------------
     0 | D:1      | MajorAdolf the Naga Wanderer began the quest for the Orb.
     0 | D:1      | MajorAdolf set off with the following items: a +0 club, a
                  | scroll of fog, a +0 pair of gloves, a potion of
                  | lignification, a +0 leather armour, a wand of quicksilver
                  | (3).
     0 | D:1      | Reached XP level 1. HP: 19/19 MP: 1/1
   114 | D:1      | Reached skill level 2 in Stealth
   660 | D:1      | Reached XP level 2. HP: 16/26 MP: 2/2
   787 | D:1      | Reached skill level 3 in Stealth
   918 | D:1      | Reached XP level 3. HP: 17/32 MP: 3/3
  1007 | D:1      | Found a faded altar of an unknown god.
  1255 | D:2      | Reached skill level 4 in Stealth
  1318 | D:2      | Reached XP level 4. HP: 25/39 MP: 4/4
  1491 | D:2      | Found a basalt altar of Yredelemnul.
  1871 | D:2      | Reached skill level 5 in Stealth
  2060 | D:2      | Found Soshrev's Assorted Antiques.
  2073 | D:2      | Reached XP level 5. HP: 43/45 MP: 5/5
  2286 | D:3      | Found a sacrificial altar of Ru.
  2421 | D:3      | Found a glowing drain.
  2437 | Sewer    | Entered a sewer
  2587 | Sewer    | Reached skill level 6 in Stealth
  2677 | Sewer    | Found a viscous altar of Jiyva.
  2870 | Sewer    | Reached XP level 6. HP: 52/52 MP: 6/6
  3047 | D:3      | Found a stormy altar of Qazlal.
  3054 | D:3      | Found an iron altar of Okawaru.
  3057 | D:3      | Found a shadowy altar of Dithmenos.
  3057 | D:3      | Found a bloodstained altar of Trog.
  3064 | D:3      | Found an ancient bone altar of Kikubaaqudgha.
  3120 | D:3      | Reached skill level 7 in Stealth
  3232 | D:3      | Found a basalt altar of Yredelemnul.
  3300 | D:3      | Found a white marble altar of Elyvilon.
  3704 | D:4      | Found a blossoming altar of Fedhas.
  4300 | D:4      | Reached skill level 8 in Stealth
  4300 | D:4      | Reached XP level 7. HP: 49/60 MP: 7/7
  4528 | D:5      | Entered Level 5 of the Dungeon
  4537 | D:5      | Reached skill level 9 in Stealth
  4761 | D:4      | Reached XP level 8. HP: 65/67 MP: 8/8
  4890 | D:4      | Noticed Ijyb
  4896 | D:4      | Killed Ijyb
  5287 | D:5      | Reached skill level 10 in Stealth
  5984 | D:5      | Reached skill level 11 in Stealth
  6576 | D:5      | Found a glowing golden altar of the Shining One.
  6576 | D:5      | Found an ornate altar of the Wu Jian Council.
  6874 | D:5      | Found a staircase to the Ecumenical Temple.
  6883 | Temple   | Entered the Ecumenical Temple
  7038 | Temple   | Became a worshipper of Gozag Ym Sagoz the Greedy
  7089 | D:6      | Reached skill level 12 in Stealth
  7225 | D:6      | Noticed Grinder
  7320 | D:6      | Reached XP level 9. HP: 73/73 MP: 9/9
  7335 | D:6      | Noticed Eustachio
  7336 | D:6      | Paralysed by Grinder for 2 turns
  7601 | D:6      | Paralysed by Grinder for 3 turns
  7612 | D:6      | Killed Grinder
  7783 | D:6      | Reached skill level 13 in Stealth
  7866 | D:6      | Killed Eustachio
  7867 | D:6      | Reached skill level 10 in Evocations
  8248 | D:6      | Noticed Duvessa
  8248 | D:6      | Noticed Dowan
  8934 | D:6      | Killed Duvessa
  9090 | D:6      | Killed Dowan
  9174 | D:6      | Learned a level 3 spell: Ignite Poison
  9568 | D:7      | Mangled by a wight

Illustrated notes

Levels and vault maps discovered:
D:1:      scummos_arrival_simple_crosswalls, layout_rooms,
          hellmonk_ecumenical_altar_dog_temple, minmay_crystal_room,
          dk_noncrumbling_3, grunt_decor_resistance
D:2:      minmay_diamond_boxcup, layout_basic, basic_altar, serial_shops, shop
D:3:      layout_basic, kennysheep_ying_yang, nicolae_ru_awakened_eye,
          nicolae_overflow_hallway_of_the_gods, portal_sewer_entry_e
D:4:      layout_basic, fedhas_altar_decomposition, uniq_ijyb
D:5:      layout_basic, nicolae_overflow_two_pavilions, temple_hall,
          minmay_misc_feat_room
D:6:      dreamdust_elfheim, layout_loops_cross, chequers_serial_rivers_micro_e,
          uniq_grinder, uniq_eustachio
D:7:      layout_loops_corners, kennysheep_mini
Temple:   hellmonk_temple_flake

Skill      XL: |  1  2  3  4  5  6  7  8  9 |
---------------+----------------------------+-----
Stealth        | 2 3 4 5 6 8 9 12 13 | 13.6
Evocations     | 6 7 8 9 10 | 10.2
Fighting       | |  2.0
Unarmed Combat | |  2.0
Transmutations | |  0.2
Fire Magic     | |  0.2
Poison Magic   | |  0.3

Action                     |  1- 3 |  4- 6 |  7- 9 || total
---------------------------+-------+-------+-------++-------
  Melee: Dagger            |   114 |   206 |     6 ||   326
         Club              |     2 |       |       ||     2
         Punch             |     5 |    10 |     7 ||    22
         Flail             |       |    39 |   294 ||   333
Ability: Spit Poison       |    32 |    25 |    35 ||    92
  Evoke: Wand              |     1 |       |     4 ||     5
    Use: Potion            |     1 |     1 |     2 ||     4
         Scroll            |       |    11 |     3 ||    14
   Stab: Sleeping          |       |    15 |     8 ||    23
 Armour: Leather armour    |     9 |    87 |   112 ||   208
         Skin              |    24 |       |       ||    24
         Scale mail        |    42 |       |       ||    42
         Robe              |       |       |    90 ||    90
  Dodge: Dodged            |    47 |   124 |   185 ||   356
  Block: Other             |       |    47 |    94 ||   141
         Reflection        |       |       |     4 ||     4
